 Dungeon Crawl Stone Soup version 0.29.1-13-g9f3cf754e1 (webtiles) character file.

Game seed: 11546598949799572515

116 bearlyready the Gusty (level 5, -24/37 HPs)
             Began as a Gnoll Air Elementalist on Jan 9, 2023.
             Annihilated by an ogre
             ... wielding a +0 giant club
              (34 damage)
             ... on level 4 of the Dungeon on Jan 25, 2023.
             The game lasted 00:07:37 (3504 turns).

bearlyready the Gusty (Gnoll Air Elementalist)      Turns: 3504, Time: 00:07:37

Health: -24/37     AC:  4    Str:  7    XL:     5   Next: 0%
Magic:  12/12      EV: 28    Int: 16    God:
Gold:   157        SH:  0    Dex: 13    Spells: 10/14 levels left

rFire   . . .      SeeInvis .   j - +0 dagger
rCold   . . .      Faith    .   (no shield)
rNeg    . . .      Spirit   .   i - +0 leather armour
rPois   .          Reflect  .   (no helmet)
rElec   .          Harm     .   (no cloak)
rCorr   .          Rampage  .   s - +0 pair of gloves
Will    .....                   (no boots)
Stlth   ++........              x - amulet of the acrobat
HPRegen 0.12/turn               (no ring)
MPRegen 0.13/turn               (no ring)

@: acrobatic
A: fangs 1, strong nose, distributed training
a: no special abilities


You were on level 4 of the Dungeon.
You visited 1 branch of the dungeon, and saw 4 of its levels.

You collected 157 gold pieces.

Inventory:

Hand Weapons
 j - a +0 dagger (weapon)
 k - a +0 short sword
Missiles
 h - 55 stones
 u - 2 poisoned darts (quivered)
Armour
 a - a +0 robe
 i - a +0 leather armour (worn)
 s - a +0 pair of gloves (worn)
Jewellery
 x - an amulet of the acrobat (around neck)
Scrolls
 c - 3 scrolls of poison {unknown}
 e - 4 scrolls of identify {unknown}
 f - 3 scrolls of enchant armour {unknown}
 l - a scroll of fear {unknown}
 p - a scroll of teleportation {unknown}
 r - 2 scrolls of noise {unknown}
 y - a scroll of immolation {unknown}
Potions
 b - a potion of magic
 d - a potion of heal wounds {unknown}
 g - a potion of ambrosia {unknown}
 m - 2 potions of degeneration {unknown}
 n - a potion of haste {unknown}
 o - a potion of flight {unknown}
 q - a potion of attraction {unknown}
 t - a potion of invisibility {unknown}
 v - 2 potions of berserk rage {unknown}
 w - 2 potions of might {unknown}
 z - a potion of curing {unknown}


   Skills:
 + Level 1.3 Fighting
 + Level 1.3 Short Blades
 + Level 1.3 Long Blades
 + Level 1.3 Axes
 + Level 1.3 Maces & Flails
 + Level 1.3 Polearms
 + Level 1.3 Staves
 + Level 1.3 Ranged Weapons
 + Level 1.3 Throwing
 + Level 1.3 Armour
 + Level 4.7 Dodging
 + Level 4.3 Stealth
 + Level 1.3 Shields
 + Level 1.3 Unarmed Combat
 + Level 5.1 Spellcasting
 + Level 2.3 Conjurations
 + Level 1.1 Hexes
 + Level 1.1 Summonings
 + Level 1.1 Necromancy
 + Level 1.1 Translocations
 + Level 1.1 Transmutations
 + Level 1.1 Fire Magic
 + Level 1.1 Ice Magic
 + Level 5.5 Air Magic
 + Level 1.1 Earth Magic
 + Level 1.1 Poison Magic
 + Level 1.5 Invocations
 + Level 1.3 Evocations


You had 10 spell levels left.
You knew the following spells:

 Your Spells              Type           Power      Damage    Failure   Level
a - Shock                 Conj/Air       64%        1d7       4%          1
b - Swiftness             Air            21%        N/A       7%          3

Your spell library contained the following spells:

 Spells                   Type           Power      Damage    Failure   Level
 Static Discharge         Conj/Air       16%        3-5/arc   7%          2
 Poisonous Vapours        Pois/Air       28%        N/A       9%          2
 Airstrike                Air            10%        2d(2-18)  22%         4
 Corpse Rot               Necr/Pois/Air  12%        N/A       58%         4


Dungeon Overview and Level Annotations

Branches:
Dungeon (4/15)
 Temple: D:4-7

Altars:
Dithmenos
Kikubaaqudgha
Xom

Shops:
D:2 *


Innate Abilities, Weirdness & Mutations

You have very sharp teeth.
Your uncanny sense of smell can sniff out nearby items.
Your experience applies equally to all skills.


Message History

Throw: 7 darts (poison)
Press: ? - help, Q - select action, (/) - cycle Shift-Dir - straight line, f/p - ogre
Aim: an ogre, wielding a +0 giant club (lightly wounded, poisoned, 72% to hit)
You throw a poisoned dart. The poisoned dart hits the ogre.
The ogre looks even sicker.
The ogre is lightly wounded.
Throw: 6 darts (poison)
Press: ? - help, Q - select action, (/) - cycle Shift-Dir - straight line, f/p - ogre
Aim: an ogre, wielding a +0 giant club (lightly wounded, very poisoned, 72% to hit)
You throw a poisoned dart.
The poisoned dart completely misses the ogre.
You see here a hound corpse.
Throw: 5 darts (poison)
Press: ? - help, Q - select action, (/) - cycle Shift-Dir - straight line, f/p - ogre
Aim: an ogre, wielding a +0 giant club (heavily wounded, 72% to hit)
You throw a poisoned dart.
The poisoned dart barely misses the ogre.
Throw: 4 darts (poison)
Press: ? - help, Q - select action, (/) - cycle Shift-Dir - straight line, f/p - ogre
Aim: an ogre, wielding a +0 giant club (heavily wounded, 72% to hit)
You throw a poisoned dart. The poisoned dart hits the ogre.
The ogre is poisoned.
The ogre is heavily wounded.
The ogre hits you with a +0 giant club!
You are too injured to fight recklessly!
Unknown command.
The ogre attacks as you move away! The ogre hits you with a +0 giant club!
* * * LOW HITPOINT WARNING * * *
The ogre looks more healthy.
Throw: 3 darts (poison)
Press: ? - help, Q - select action, (/) - cycle Shift-Dir - straight line, f/p - ogre
Aim: an ogre, wielding a +0 giant club (severely wounded, 72% to hit)
You throw a poisoned dart. The poisoned dart hits the ogre.
The ogre is poisoned.
The ogre is severely wounded.
The ogre attacks as you move away! The ogre closely misses you.
The ogre attacks as you move away!
The ogre hits you with a +0 giant club!!
Ouch! That really hurt!
You die...

...# #.# ...# #.#
...##########.##########
...........†......(....#
..(...........#####(####
(##....############.##
#<....+ ...........<#
##....# #..#####..#
#....# #....@.#..#
###### #...##O##(# #..
#.##.# #. #....# #
######


You could see an ogre (poisoned).

Vanquished Creatures
  A hound (D:4)
  3 adders
  4 orcs (D:2)
  4 ball pythons
  4 bats
  2 endoplasms
  2 giant cockroaches
  4 hobgoblins
  2 jackals (D:3)
  5 kobolds
  4 quokkas
  3 frilled lizards
  7 goblins
  8 rats
53 creatures vanquished.

Notes
Turn   | Place    | Note
-------+----------+-------------------------------------------
     0 | D:1      | bearlyready the Gnoll Air Elementalist began the quest for
                  | the Orb.
     0 | D:1      | Reached XP level 1. HP: 13/13 MP: 6/6
   399 | D:1      | Reached XP level 2. HP: 19/19 MP: 5/7
   765 | D:1      | Upgraded the game from 0.29.1-12-g30fa7ad0bf to
                  | 0.29.1-13-g9f3cf754e1
  1522 | D:2      | Reached skill level 5 in Spellcasting
  1522 | D:2      | Reached XP level 3. HP: 18/25 MP: 6/9
  1626 | D:2      | Reached skill level 1 in Invocations
  1643 | D:2      | Found Efexusysch's Assorted Antiques.
  2212 | D:2      | Reached skill level 1 in Fighting
  2212 | D:2      | Reached skill level 1 in Short Blades
  2212 | D:2      | Reached skill level 1 in Long Blades
  2212 | D:2      | Reached skill level 1 in Axes
  2212 | D:2      | Reached skill level 1 in Maces & Flails
  2212 | D:2      | Reached skill level 1 in Polearms
  2212 | D:2      | Reached skill level 1 in Staves
  2212 | D:2      | Reached skill level 1 in Ranged Weapons
  2212 | D:2      | Reached skill level 1 in Throwing
  2212 | D:2      | Reached skill level 1 in Armour
  2212 | D:2      | Reached skill level 1 in Shields
  2212 | D:2      | Reached skill level 1 in Unarmed Combat
  2212 | D:2      | Reached skill level 1 in Evocations
  2477 | D:3      | Reached XP level 4. HP: 32/32 MP: 7/11
  2930 | D:3      | Found an ancient bone altar of Kikubaaqudgha.
  3039 | D:3      | Found a shimmering altar of Xom.
  3040 | D:3      | Found a shadowy altar of Dithmenos.
  3105 | D:3      | Reached skill level 1 in Hexes
  3105 | D:3      | Reached skill level 1 in Summonings
  3105 | D:3      | Reached skill level 1 in Necromancy
  3105 | D:3      | Reached skill level 1 in Translocations
  3105 | D:3      | Reached skill level 1 in Transmutations
  3105 | D:3      | Reached skill level 1 in Fire Magic
  3105 | D:3      | Reached skill level 1 in Ice Magic
  3105 | D:3      | Reached skill level 1 in Earth Magic
  3105 | D:3      | Reached skill level 1 in Poison Magic
  3318 | D:4      | Noticed an ogre
  3331 | D:3      | Learned a level 3 spell: Swiftness
  3381 | D:4      | Reached XP level 5. HP: 26/37 MP: 5/12
  3504 | D:4      | Annihilated by an ogre

Illustrated notes

Levels and vault maps discovered:
D:1:      dpeg_arrival_tiny_a, layout_basic, skrybe_limestone_x
D:2:      layout_rooms, serial_shops, shop_statue
D:3:      layout_rooms, gammafunk_temple_overflow_statue, lemuel_round_altar,
          minmay_pentangle
D:4:      layout_basic, minmay_temple_entry_statues, nrook_mini_backslash

Skill      XL: |  1  2  3  4 |
---------------+-------------+-----
Conjurations   | 2 |  2.3
Spellcasting   | 5 |  5.1
Invocations    | 1 |  1.5
Fighting       | 1 |  1.3
Short Blades   | 1 |  1.3
Long Blades    | 1 |  1.3
Axes           | 1 |  1.3
Maces & Flails | 1 |  1.3
Polearms       | 1 |  1.3
Staves         | 1 |  1.3
Ranged Weapons | 1 |  1.3
Throwing       | 1 |  1.3
Armour         | 1 |  1.3
Shields        | 1 |  1.3
Unarmed Combat | 1 |  1.3
Evocations     | 1 |  1.3
Hexes          | 1 |  1.1
Summonings     | 1 |  1.1
Necromancy     | 1 |  1.1
Translocations | 1 |  1.1
Transmutations | 1 |  1.1
Fire Magic     | 1 |  1.1
Ice Magic      | 1 |  1.1
Earth Magic    | 1 |  1.1
Poison Magic   | 1 |  1.1
Dodging        | |  4.7
Stealth        | |  4.3
Air Magic      | |  5.5

Action                   |  1- 3 |  4- 6 || total
-------------------------+-------+-------++-------
Melee: Unarmed           |     7 |       ||     7
       Bite              |     1 |     1 ||     2
       Dagger            |    11 |    18 ||    29
Throw: Dart              |       |     8 ||     8
 Cast: Shock             |    72 |    27 ||    99
 Stab: Sleeping          |     2 |     1 ||     3
Armor: Robe              |    13 |       ||    13
       Leather armour    |     1 |     5 ||     6
Dodge: Dodged            |    28 |    19 ||    47
